 Dungeon Crawl Stone Soup version 0.21-a0-414-gba8bdf1 (webtiles) character file.

494 Ijustatesigmund the Sneak (level 7, -5/47 HPs)
             Began as an Octopode Artificer on Nov 2, 2017.
             Slain by a hippogriff (9 damage)
             ... on level 6 of the Dungeon.
             The game lasted 00:08:10 (3712 turns).

Ijustatesigmund the Sneak (Octopode Artificer)      Turns: 3712, Time: 00:08:11

Health: -5/47      AC:  1    Str: 12    XL:     7   Next: 15%
Magic:  18/18      EV: 14    Int: 13    God:
Gold:   102        SH:  0    Dex: 14    Spells: 6/6 levels left

rFire    . . .     SeeInvis .   e - +3 dagger
rCold    + . .     Gourm    .   (no shield)
rNeg     . . .     Faith    .   (helmet restricted)
rPois    .         Spirit   .   (no amulet)
rElec    .         Reflect  .   h - ring of magical power
rCorr    .         Harm     .   k - ring of protection from cold
MR       .....                  (no ring)
Stlth    ++++......             (no ring)
HPRegen  0.15/turn              (no ring)
MPRegen  0.16/turn              (no ring)
                                (no ring)
                                (no ring)

@: no status effects
A: almost no armour, stealthy swim, amphibious, 8 rings, constrict 8, camouflage
1, gelatinous body 1
a: no special abilities


You were on level 6 of the Dungeon.
You were near starving.

You visited 1 branch of the dungeon, and saw 6 of its levels.

You collected 102 gold pieces.

Inventory:

Hand Weapons
 a - a +0 rapier
 e - a +3 dagger (weapon)
Jewellery
 h - a ring of magical power (left tentacle)
 k - a ring of protection from cold (right tentacle)
Wands
 b - a wand of flame (14/48)
 c - a wand of enslavement (8/24)
 d - a wand of random effects (15/48)
Scrolls
 l - 3 scrolls of identify
 p - a scroll of amnesia
Potions
 j - a potion of cancellation
 m - a potion of heal wounds
 n - 2 potions of brilliance
 o - a potion of curing
 q - a potion of magic
Comestibles
 f - 4 bread rations
 g - a meat ration
 i - 2 royal jellies
 r - 2 chunks of flesh


   Skills:
 + Level 3.7 Fighting
 + Level 3.6 Short Blades
 - Level 3.0 Dodging
 + Level 6.3 Stealth
 - Level 3.2 Evocations


You had 6 spell levels left.
You didn't know any spells.

Dungeon Overview and Level Annotations

Branches:
Dungeon (7/15)
 Temple: D:4-7

Altars:
Dithmenos
Elyvilon
Sif Muna
Wu Jian


Innate Abilities, Weirdness & Mutations

You cannot wear most types of armour.
You are very stealthy in the water. (Stealth+)
You are amphibious.
You can wear up to eight rings at the same time.
You can use your tentacles to constrict eight enemies at once.
Your skin changes colour to match your surroundings (Stealth+).
Your rubbery body absorbs attacks. (AC +1, EV +1)


Message History

This wand has 10 charges left.
The hippogriff bites you! The hippogriff misses you. The hippogriff claws you.
* * * LOW HITPOINT WARNING * * *
Evoke which item? (* to show all) (? for menu, Esc to quit)
Aiming: Enslavement
Press: ? - help, Shift-Dir - straight line, f/p - hippogriff
Aim: a hippogriff (chance to defeat MR: 50%)
The hippogriff resists with significant effort.
This wand has 9 charges left.
The hippogriff completely misses you. The hippogriff pecks you.
* * * LOW HITPOINT WARNING * * *
The hippogriff claws you.
* * * LOW HITPOINT WARNING * * *
Evoke which item? (* to show all) (? for menu, Esc to quit)
Aiming: Enslavement
Press: ? - help, Shift-Dir - straight line, f/p - hippogriff
Aim: a hippogriff (chance to defeat MR: 50%)
The hippogriff resists with significant effort.
This wand has 8 charges left.
The hippogriff bites you!
You die...

.# #### .# ## ..###.####
.# #H#....... .#
#@#.......
.###############o#.......
..............##.#.......
.############.##...#
.#####.....##.####.#.####
.'.oZ'.....).....$........
.#####.........#.#.#...###
## #..[...Z..#...###.#
#.............# #


You could see a hippogriff and an orc.

Vanquished Creatures
  A hungry ghost (D:6)
  An ogre (D:4)
  3 orc wizards
  2 orc priests
  4 adders
  A shadow imp (D:6)
  An ooze (D:3)
  3 worms (D:2)
  4 dart slugs
  7 orcs
  5 bats
  2 giant cockroaches
  5 goblins
  7 hobgoblins
  6 jackals (D:1)
  A quokka (D:2)
  2 ball pythons
  A frilled lizard (D:1)
  8 kobolds
  A quokka skeleton (D:4)
  4 rats
69 creatures vanquished.

Vanquished Creatures (collateral kills)
  2 orcs (D:3)
2 creatures vanquished.

Vanquished Creatures (others)
  An orc wizard (D:3)
  An orc (D:6)
2 creatures vanquished.

Grand Total: 73 creatures vanquished

Notes
Turn   | Place    | Note
-------+----------+-------------------------------------------
     0 | D:1      | Ijustatesigmund the Octopode Artificer began the quest for the Orb.
     0 | D:1      | Reached XP level 1. HP: 13/13 MP: 3/3
    59 | D:1      | Reached skill level 2 in Stealth
    70 | D:1      | Reached XP level 2. HP: 18/18 MP: 4/4
   563 | D:1      | Reached skill level 3 in Stealth
   571 | D:1      | Reached XP level 3. HP: 18/23 MP: 5/5
  1740 | D:3      | Reached XP level 4. HP: 15/28 MP: 6/6
  1984 | D:2      | Reached skill level 4 in Stealth
  2046 | D:3      | Found a deep blue altar of Sif Muna.
  2046 | D:3      | Found an ornate altar of the Wu Jian Council.
  2051 | D:3      | Found a white marble altar of Elyvilon.
  2053 | D:3      | Found a faded altar of an unknown god.
  2055 | D:3      | Found a faded altar of an unknown god.
  2231 | D:3      | Found a shadowy altar of Dithmenos.
  2461 | D:3      | Reached XP level 5. HP: 32/34 MP: 7/7
  2975 | D:3      | Reached skill level 5 in Stealth
  3447 | D:4      | Noticed an ogre
  3455 | D:4      | Killed an ogre
  3455 | D:4      | Reached XP level 6. HP: 42/42 MP: 8/8
  3607 | D:4      | You fall through a shaft for 3 floors!
  3682 | D:6      | Noticed a hungry ghost
  3704 | D:6      | Killed a hungry ghost
  3704 | D:6      | Reached skill level 6 in Stealth
  3704 | D:6      | Reached XP level 7. HP: 19/46 MP: 9/9
  3708 | D:6      | Noticed a hippogriff
  3712 | D:6      | Slain by a hippogriff

Vault maps used:
D:1:      minmay_arrival_four_loops, patterned_corridor
D:3:      chequers_temple_overflow_minitemple, nicolae_dithmenos_shadow_blocks
D:4:      grunt_decor_clamped, amethyst_killhole
D:6:      lightli_ossuary_entry_decrepit_ruins
D:7:      minmay_temple_entry_trees

Skill      XL: |  1  2  3  4  5  6 |
---------------+-------------------+-----
Stealth        | 2 3 4 5 6 |  6.3
Dodging        | 3 |  3.0
Fighting       | 2 3 |  3.7
Short Blades   | 2 3 |  3.6
Evocations     | |  3.2

Action                   |  1- 3 |  4- 6 |  7- 9 || total
-------------------------+-------+-------+-------++-------
Melee: Short sword       |    55 |       |       ||    55
       Constrict         |    18 |    15 |     1 ||    34
       Tentacles         |    13 |    16 |     1 ||    30
       Dagger            |    19 |    73 |     3 ||    95
Evoke: Wand              |       |     4 |     4 ||     8
  Use: Scroll            |     3 |     7 |       ||    10
       Potion            |     2 |     1 |     1 ||     4
 Stab: Sleeping          |    15 |     7 |       ||    22
  Eat: Royal jelly       |     1 |       |       ||     1
       Chunk             |       |     7 |       ||     7
Armor: Skin              |     6 |     5 |       ||    11
Dodge: Dodged            |    38 |    48 |     6 ||    92

Table legend:
 A = Spawn XP
 B = Non-spawn XP
 C = Spawn XP percentage of total XP
 D = Spawn monster count
 E = Non-spawn monster count
 F = Spawn count percentage of total count
 G = Total turns spent on level
                    A         B        C        D         E        F      G
               +---------+---------+-------+---------+---------+-------+---------
         Total |       0 |     706 |   0.0 |       0 |      71 |   0.0 |  3712
               +---------+---------+-------+---------+---------+-------+---------
           D:1 |       0 |      37 |   0.0 |       0 |      20 |   0.0 |   705
           D:2 |       0 |      89 |   0.0 |       0 |      18 |   0.0 |  1257
           D:3 |       0 |     151 |   0.0 |       0 |      24 |   0.0 |  1325
           D:4 |       0 |     144 |   0.0 |       0 |       4 |   0.0 |   320
           D:6 |       0 |     282 |   0.0 |       0 |       4 |   0.0 |    93
           D:7 |       0 |       3 |   0.0 |       0 |       1 |   0.0 |    12
               +---------+---------+-------+---------+---------+-------+---------
